[Event "Titled Tuesday Blitz August 08 Late 2023"]
[White "Deviprasath, Sharvesh"]
[Black "Arabidze, Meri"]
[WhiteFideId "30938228"]
[BlackFideId "13604040"]
[WhiteElo "2335"]
[BlackElo "2618"]
[Result "1-0"]
[Round "1"]
[TimeControl "180+1"]
[Date "2023.08.08"]
[WhiteClock "0:00:37"]
[BlackClock "0:00:00"]
[Board "119"]

1. Nf3 f5 2. b3 Nf6 3. Bb2 e6 4. g3 d5 5. Bg2 Bd6 6. O-O O-O 7. c4 c6 8. d3 Nbd7 9. Nc3 a6 10. a3 e5 11. cxd5 cxd5 12. e4 fxe4 13. dxe4 d4 14. Nd5 Nc5 15. Nxf6+ Qxf6 16. Nd2 b5 17. b4 Ne6 18. f4 Bb7 19. Qb3 Kh8 20. fxe5 Qxe5 21. Rfe1 Ng5 22. Qd3 Rad8 23. Bxd4 Qe6 24. Qc3 Rd7 25. Nb3 Nh3+ 26. Kh1 Nf2+ 27. Bxf2 Rxf2 28. Rad1 h6 29. Nc5 Bxc5 30. Qxc5 Rdf7 31. Qc3 Qg4 32. Rd8+ Kh7 33. Qe3 Qh5 34. Rd2 Rxd2 35. Qxd2 Qe5 36. Kg1 Re7 37. Rd1 Qe6 38. Qc2 Qe5 39. Qd3 h5 40. Qd6 Qxd6 41. Rxd6 g6 42. Kf2 Kg7 43. Ke3 Rc7 44. Bh3 Rc3+ 45. Kf4 Rc7 46. e5 1-0


[Site "https://www.chess.com"]

[Event "Titled Tuesday Blitz August 08 Late 2023"]
[White "Tologon tegin, Semetei"]
[Black "crosky"]
[WhiteFideId "13800574"]
[WhiteElo "2613"]
[BlackElo "2335"]
[Result "1-0"]
[Round "1"]
[TimeControl "180+1"]
[Date "2023.08.08"]
[WhiteClock "0:00:50"]
[BlackClock "0:00:46"]
[Board "120"]

1. e4 c6 2. d4 d5 3. e5 Bf5 4. c4 e6 5. Nc3 Ne7 6. h3 h6 7. Nf3 Nd7 8. b3 Bh7 9. Bb2 Ng6 10. Qd2 Be7 11. Bd3 O-O 12. cxd5 exd5 13. O-O Nh4 14. Bxh7+ Kxh7 15. Nxh4 Bxh4 16. g3 Be7 17. f4 f5 18. g4 g6 19. Ne2 Rg8 20. Kh1 Nf8 21. Qd3 Qd7 22. Rg1 Re8 23. Rg2 fxg4 24. hxg4 Ne6 25. f5 Ng5 26. Bc1 c5 27. f6 Bf8 28. Bxg5 hxg5 29. Rh2+ Bh6 30. Rxh6+ 1-0


[Site "https://www.chess.com"]

[Event "Titled Tuesday Blitz August 08 Late 2023"]
[White "Shapiro, Daniel"]
[Black "Goldin, Alexander"]
[WhiteFideId "2001780"]
[BlackFideId "2019540"]
[WhiteElo "2334"]
[BlackElo "2612"]
[Result "0-1"]
[Round "1"]
[TimeControl "180+1"]
[Date "2023.08.08"]
[WhiteClock "0:00:00"]
[BlackClock "0:00:07"]
[Board "121"]

1. d4 Nf6 2. c4 e6 3. g3 Bb4+ 4. Bd2 a5 5. Bg2 O-O 6. Nf3 b6 7. O-O Bb7 8. Nc3 d5 9. Qc2 Be7 10. b3 Na6 11. Rac1 c5 12. Nb5 Nb4 13. Qb2 Ne4 14. Be1 Bf6 15. Nd2 cxd4 16. Nxd4 Nxd2 17. Bxd2 dxc4 18. Bxb7 Bxd4 19. Bc3 Bxc3 20. Rxc3 Ra7 21. Bf3 cxb3 22. a3 Na6 23. Rxb3 Nc5 24. Rb5 Rd7 25. Qc2 Rd2 26. Qc4 Rd6 27. Kg2 Qc7 28. Rfb1 Rfd8 29. Qc3 g6 30. Qe5 Qa7 31. Qb2 Qe7 32. Qc3 Qc7 33. Qc4 R8d7 34. Qc2 e5 35. Qc4 Kg7 36. e3 f6 37. Be2 Qc6+ 38. Bf3 e4 39. Be2 Qc7 40. Bf1 Rd2 41. Qc3 R7d6 42. Qc4 R2d5 43. Qc3 Rf5 44. Qc4 Qd8 45. Qc3 Rd2 46. R5b2 Rfxf2+ 47. Kg1 Rxb2 48. Rxb2 Rxb2 49. Qxb2 Qd6 50. Qd4 Qxd4 51. exd4 Nd3 52. Kg2 Kf7 53. Be2 Ke6 54. Kf1 Kd5 0-1


[Site "https://www.chess.com"]

[Event "Titled Tuesday Blitz August 08 Late 2023"]
[White "Hilary46"]
[Black "Vasques, Antonio Pedro Freixial"]
[BlackFideId "1908332"]
[WhiteElo "2611"]
[BlackElo "2329"]
[Result "1-0"]
[Round "1"]
[TimeControl "180+1"]
[Date "2023.08.08"]
[WhiteClock "0:00:34"]
[BlackClock "0:00:28"]
[Board "122"]

1. e4 c5 2. Nf3 Nc6 3. d4 cxd4 4. Nxd4 e5 5. Nb5 d6 6. c4 Be7 7. Be2 f5 8. exf5 Bxf5 9. N1c3 a6 10. Na3 Nf6 11. O-O O-O 12. Nc2 Qe8 13. Ne3 Be6 14. Ncd5 Rc8 15. Nxf6+ Rxf6 16. Nd5 Rf8 17. Bg4 Nd4 18. Bxe6+ Nxe6 19. b3 Bd8 20. Be3 Qg6 21. h3 Kh8 22. Qg4 Qxg4 23. hxg4 Bg5 24. Bxg5 Nxg5 25. Rad1 Ne4 26. f3 Nc5 27. Ne7 Rcd8 28. Nf5 Rf6 29. Rfe1 g6 30. Ne3 Ne6 31. Nd5 Rff8 32. Nc3 Nd4 33. Ne2 Ne6 34. Rd2 b5 35. cxb5 axb5 36. Nc3 Nd4 37. Ne2 Nc6 38. Rc1 Nb4 39. a3 Na6 40. b4 d5 41. Nc3 Nc7 42. Rcd1 d4 43. Ne4 Nd5 44. Rc1 Rc8 45. Rc5 Rxc5 46. bxc5 Rc8 47. Rb2 Nc3 48. c6 Rxc6 49. Nf2 Ra6 50. Rb3 Kg7 51. g5 Kf7 52. Nd3 Ke6 53. Nc5+ Kd5 54. Nxa6 Kc4 55. Rb4+ Kd3 56. Rb2 Nd1 57. Rxb5 e4 58. fxe4 Nc3 59. Rb7 Kxe4 60. Rxh7 d3 61. Nc5+ Kd4 62. Nxd3 1-0


[Site "https://www.chess.com"]

[Event "Titled Tuesday Blitz August 08 Late 2023"]
[White "Lopez Gracia, Fernando"]
[Black "Golubev, Mikhail"]
[WhiteFideId "2207184"]
[BlackFideId "14100983"]
[WhiteElo "2327"]
[BlackElo "2611"]
[Result "0-1"]
[Round "1"]
[TimeControl "180+1"]
[Date "2023.08.08"]
[WhiteClock "0:00:44"]
[BlackClock "0:00:14"]
[Board "123"]

1. e4 c5 2. Nf3 d6 3. d4 Nf6 4. Nc3 cxd4 5. Nxd4 g6 6. f3 Bg7 7. Be3 a6 8. Qd2 Nbd7 9. O-O-O h5 10. Bc4 Qc7 11. Bb3 b5 12. h3 h4 13. Rhe1 Bb7 14. Nd5 Nxd5 15. exd5 Nf6 16. Bg5 Rc8 17. Kb1 Rh5 18. f4 Bxd5 19. Bxd5 Nxd5 20. c3 Qc4 21. Re4 b4 22. cxb4 Rxg5 23. fxg5 Nxb4 24. Rde1 Qxa2# 0-1


[Site "https://www.chess.com"]

[Event "Titled Tuesday Blitz August 08 Late 2023"]
[White "Di Berardino, Diego Rafael"]
[Black "Steindl, Johannes"]
[WhiteFideId "2105446"]
[BlackFideId "1643266"]
[WhiteElo "2609"]
[BlackElo "2327"]
[Result "1-0"]
[Round "1"]
[TimeControl "180+1"]
[Date "2023.08.08"]
[WhiteClock "0:00:25"]
[BlackClock "0:00:07"]
[Board "124"]

1. e4 c5 2. Nf3 e6 3. d4 cxd4 4. Nxd4 Nc6 5. Nc3 Qc7 6. Be2 Nf6 7. O-O a6 8. Kh1 Bb4 9. Bg5 Bxc3 10. Bxf6 gxf6 11. bxc3 b5 12. a4 bxa4 13. Rxa4 Bb7 14. f4 h5 15. Bf3 Ne7 16. Qd3 Qxf4 17. Rb4 Bc6 18. e5 Qxe5 19. Nxc6 dxc6 20. Rb7 Nd5 21. c4 Qc3 22. Bxd5 Qxd3 23. Bxc6+ Kf8 24. cxd3 Rd8 25. Rxf6 Rxd3 26. Rfxf7+ 1-0


[Site "https://www.chess.com"]

[Event "Titled Tuesday Blitz August 08 Late 2023"]
[White "Doluhanova, Evgeniya"]
[Black "Rostomyan, Mikayel"]
[WhiteFideId "14112035"]
[BlackFideId "13313754"]
[WhiteElo "2327"]
[BlackElo "2607"]
[Result "1/2-1/2"]
[Round "1"]
[TimeControl "180+1"]
[Date "2023.08.08"]
[WhiteClock "0:00:03"]
[BlackClock "0:00:06"]
[Board "125"]

1. e4 c5 2. Nf3 Nc6 3. Bb5 g6 4. O-O Bg7 5. Re1 Nf6 6. c3 O-O 7. d4 d5 8. e5 Ne4 9. Nbd2 Nxd2 10. Bxd2 Qb6 11. Bxc6 bxc6 12. dxc5 Qxb2 13. Qb3 Rb8 14. Qa4 Qb5 15. Qxa7 Rb7 16. Qa3 Bg4 17. Nd4 Qd3 18. Bf4 Rc8 19. h3 Bf5 20. Rad1 Qc4 21. Bg3 e6 22. Nxf5 gxf5 23. Rd4 Qb5 24. Bh4 Rbb8 25. Bf6 Ra8 26. Qc1 Qxc5 27. Qg5 Qf8 28. Rh4 Kh8 29. Re3 Bxf6 30. exf6 Qg8 31. Qh5 Qg6 32. Qxg6 fxg6 33. Rxe6 Ra7 34. a4 Kg8 35. Rb4 Kf7 36. Rd6 Rcc7 37. c4 c5 38. Rb8 dxc4 39. Rh8 h5 40. Rh7+ Kg8 41. Rxc7 Rxc7 42. a5 c3 43. Rd3 c4 44. Rxc3 Kf7 45. a6 Kxf6 46. a7 Rxa7 47. Rxc4 Kg5 48. Kh2 h4 49. g3 hxg3+ 50. Kxg3 Ra3+ 51. Kg2 Kh5 52. Rc6 g5 53. Rc8 f4 54. Rh8+ Kg6 55. Rg8+ Kf5 56. Rf8+ Ke4 57. Re8+ Kd3 58. Rg8 Ra5 59. Kf3 Kd2 60. Kg4 Ke2 61. f3 Kf2 62. h4 gxh4 63. Rh8 Ra7 64. Rxh4 Ke3 65. Rh3 Rg7+ 66. Kf5 Rg3 67. Rh8 Kxf3 68. Rh4 Rg8 69. Rxf4+ Kg3 70. Ra4 Rf8+ 71. Ke6 Rh8 72. Kd7 Kf3 73. Kc6 Ke3 74. Kb7 Rh7+ 75. Kb6 Kd3 76. Ra8 Kc4 77. Rd8 Rh6+ 78. Kb7 Kc5 79. Rc8+ Kb5 80. Rd8 Rh7+ 81. Kb8 Kc6 82. Rc8+ Kb6 83. Rd8 Ra7 84. Rd6+ Kc5 85. Kxa7 Kxd6 1/2-1/2


[Site "https://www.chess.com"]

[Event "Titled Tuesday Blitz August 08 Late 2023"]
[White "Zarubitski, Viachaslau"]
[Black "Harish, Neeraj"]
[WhiteFideId "13509373"]
[BlackFideId "30958130"]
[WhiteElo "2606"]
[BlackElo "2327"]
[Result "1-0"]
[Round "1"]
[TimeControl "180+1"]
[Date "2023.08.08"]
[WhiteClock "0:00:28"]
[BlackClock "0:00:16"]
[Board "126"]

1. e4 c6 2. d4 d5 3. Nd2 dxe4 4. Nxe4 Nf6 5. Nxf6+ exf6 6. c3 Bd6 7. Bd3 O-O 8. Qf3 Re8+ 9. Ne2 Nd7 10. h4 Nf8 11. h5 Be6 12. c4 Qd7 13. Rh4 b5 14. b3 Bb4+ 15. Kf1 a5 16. Be3 a4 17. Rd1 axb3 18. axb3 Ra3 19. d5 cxd5 20. cxb5 Rxb3 21. Nd4 Rc3 22. h6 Ng6 23. Bxg6 fxg6 24. hxg7 Bc5 25. Qxf6 Rxe3 26. fxe3 Be7 27. Qf2 Bxh4 28. Qxh4 Kxg7 29. Kg1 Rf8 30. Qg3 Bf5 31. Qe5+ Kg8 32. Rc1 Rf7 33. b6 Qb7 34. Qd6 Kg7 35. Rc7 Rxc7 36. Qxc7+ Qxc7 37. bxc7 Kf7 38. Nxf5 1-0


[Site "https://www.chess.com"]

[Event "Titled Tuesday Blitz August 08 Late 2023"]
[White "Ai, Evan"]
[Black "Bagrationi, Alexander"]
[WhiteFideId "2094770"]
[BlackFideId "14104954"]
[WhiteElo "2326"]
[BlackElo "2605"]
[Result "0-1"]
[Round "1"]
[TimeControl "180+1"]
[Date "2023.08.08"]
[WhiteClock "0:00:13"]
[BlackClock "0:00:09"]
[Board "127"]

1. e4 c5 2. Nf3 Nc6 3. d4 cxd4 4. Nxd4 g6 5. c4 Bg7 6. Be3 Nf6 7. Nc3 Ng4 8. Qxg4 Nxd4 9. Qd1 Ne6 10. Be2 Qa5 11. Qd2 b6 12. O-O Bb7 13. f3 h5 14. a3 g5 15. Rfd1 d6 16. b4 Qe5 17. Rac1 h4 18. Nd5 Kf8 19. Bd3 Qb2 20. Rc2 Qe5 21. Rf1 Re8 22. Kh1 Kg8 23. Qf2 Nf4 24. Bxf4 gxf4 25. c5 dxc5 26. bxc5 bxc5 27. Rxc5 h3 28. g3 fxg3 29. Qxg3 Qd4 30. Rg1 Rh6 31. Rc4 Rg6 32. Rxd4 Bxd4 33. Nxe7+ Rxe7 34. Qb8+ Kg7 35. Rxg6+ fxg6 36. Qd6 Bf6 37. Kg1 Bc8 38. Kf2 Be6 39. e5 Bh4+ 40. Ke2 Bf7 41. f4 Re6 42. Qd4 Be7 43. f5 gxf5 44. Bxf5 Bh5+ 45. Kf2 Rb6 46. e6+ Bf6 47. Qd7+ Kh6 48. e7 Rb2+ 49. Kg3 Be5+ 50. Kxh3 Rxh2# 0-1


[Site "https://www.chess.com"]

[Event "Titled Tuesday Blitz August 08 Late 2023"]
[White "Altman, Joshua"]
[Black "Fernandez Siles, Luis"]
[WhiteFideId "426210"]
[BlackFideId "2209420"]
[WhiteElo "2604"]
[BlackElo "2324"]
[Result "1-0"]
[Round "1"]
[TimeControl "180+1"]
[Date "2023.08.08"]
[WhiteClock "0:00:27"]
[BlackClock "0:00:15"]
[Board "128"]

1. Nf3 Nf6 2. b3 d6 3. d4 g6 4. Bb2 Bg7 5. g3 O-O 6. Bg2 c5 7. O-O Ne4 8. Nbd2 Nxd2 9. Qxd2 Nc6 10. c4 Bg4 11. d5 Bxf3 12. Bxf3 Ne5 13. Bg2 Nd7 14. Bxg7 Kxg7 15. f4 Qc7 16. e4 Rae8 17. Rae1 f6 18. Qc3 a6 19. Bh3 b5 20. Bxd7 Qxd7 21. e5 b4 22. Qb2 Qf5 23. Rf2 h5 24. Rfe2 Rd8 25. exd6 exd6 26. Re7+ Rf7 27. Rxf7+ Kxf7 28. Qe2 Qd7 29. Qe6+ Kg7 30. Qe7+ Qxe7 31. Rxe7+ Kf8 32. Ra7 h4 33. Rxa6 hxg3 34. hxg3 Re8 35. Rxd6 Re3 36. Kf2 Rc3 37. Rxf6+ Kg7 38. Ra6 Kh6 39. d6 Rd3 40. g4 Rd1 41. Ke2 Rd4 42. Ke3 Rd1 43. f5 gxf5 44. gxf5 Kg5 45. Ke4 Kf6 46. d7+ Ke7 47. Ra7 Kf6 48. Rc7 Rd4+ 49. Ke3 Kxf5 50. Rxc5+ Ke6 51. Rd5 1-0


[Site "https://www.chess.com"]

[Event "Titled Tuesday Blitz August 08 Late 2023"]
[White "AndresDelgado77"]
[Black "Colbow, Collin"]
[BlackFideId "16201132"]
[WhiteElo "2321"]
[BlackElo "2600"]
[Result "0-1"]
[Round "1"]
[TimeControl "180+1"]
[Date "2023.08.08"]
[WhiteClock "0:00:00"]
[BlackClock "0:01:10"]
[Board "129"]

1. e4 c6 2. d4 d5 3. Nc3 dxe4 4. Nxe4 Bf5 5. Ng3 Bg6 6. h4 h6 7. Nf3 Nd7 8. h5 Bh7 9. Bd3 Bxd3 10. Qxd3 Ngf6 11. Bd2 e6 12. O-O-O Bd6 13. Ne4 Nxe4 14. Qxe4 Nf6 15. Qe2 Qc7 16. g3 O-O-O 17. Kb1 Kb8 18. c4 c5 19. dxc5 Qxc5 20. Be3 Qc6 21. Rxd6 Rxd6 22. Bf4 Rd8 23. Rd1 Kc8 24. Bxd6 Rxd6 25. Rxd6 Qxd6 26. Ne5 Ne4 27. Nxf7 Qd4 28. a3 Qxf2 29. Qxe4 Qxf7 30. g4 Qf6 31. Ka2 e5 32. Qd5 Qe7 33. Qe4 Kc7 34. b4 Qf6 35. b5 Qf4 36. Qd5 e4 37. c5 e3 38. c6 bxc6 0-1


[Site "https://www.chess.com"]

[Event "Titled Tuesday Blitz August 08 Late 2023"]
[White "Richter, Nils"]
[Black "Stachanczyk, Jacek"]
[WhiteFideId "12990809"]
[BlackFideId "1116657"]
[WhiteElo "2596"]
[BlackElo "2321"]
[Result "1-0"]
[Round "1"]
[TimeControl "180+1"]
[Date "2023.08.08"]
[WhiteClock "0:00:54"]
[BlackClock "0:00:05"]
[Board "130"]

1. d4 d5 2. c4 c6 3. Nf3 Nf6 4. Nc3 dxc4 5. e4 b5 6. Be2 b4 7. Na4 Nxe4 8. Bxc4 Nd7 9. O-O e6 10. Re1 Nef6 11. Ng5 Nd5 12. Qf3 N7f6 13. Nc5 Be7 14. a3 bxa3 15. Rxa3 O-O 16. Bd2 a5 17. Rea1 h6 18. Nge4 Nxe4 19. Qxe4 Bxc5 20. dxc5 Qf6 21. Qc2 Rb8 22. b3 Qd4 23. Rxa5 e5 24. h3 Qh4 25. Re1 Qf6 26. Qe4 Re8 27. Ra7 Be6 28. Qxe5 Qg6 29. Bxd5 Bxd5 30. Qxe8+ Rxe8 31. Rxe8+ Kh7 32. g3 Qb1+ 33. Be1 Qxb3 34. Re3 Qc2 35. Ra1 Qf5 36. Kh2 Be6 37. g4 Qf4+ 38. Kg1 h5 39. gxh5 Qg5+ 40. Rg3 Qxh5 41. Bc3 f6 42. Ra7 Bf7 43. Kh2 Qd5 44. Ba5 Bg6 45. Bc3 Qxc5 46. Ra2 Qd5 47. Rd2 Qe4 48. Rd4 Qe5 49. Rh4+ Qh5 50. Rxh5+ Bxh5 51. Re3 1-0


[Site "https://www.chess.com"]

[Event "Titled Tuesday Blitz August 08 Late 2023"]
[White "Prydun, Andriy"]
[Black "Vaibhav Jayant Raut"]
[WhiteFideId "14145898"]
[BlackFideId "5089034"]
[WhiteElo "2320"]
[BlackElo "2595"]
[Result "0-1"]
[Round "1"]
[TimeControl "180+1"]
[Date "2023.08.08"]
[WhiteClock "0:00:00"]
[BlackClock "0:00:15"]
[Board "131"]

1. d3 d5 2. Nf3 Nc6 3. d4 Nf6 4. c4 dxc4 5. e3 a6 6. Bxc4 b5 7. Bd3 Bb7 8. a4 b4 9. b3 e6 10. Bb2 Bd6 11. Nbd2 O-O 12. Nc4 Ne7 13. Rc1 Bd5 14. Nce5 Ng6 15. O-O Bxe5 16. dxe5 Bxf3 17. gxf3 Nd5 18. f4 Qh4 19. Be4 Rad8 20. Qf3 Qh6 21. Rfd1 Nh4 22. Qg4 Ne7 23. Rxc7 Nef5 24. Rdd7 Ng6 25. Bxf5 exf5 26. Qxf5 Nh4 27. Qg4 Rxd7 28. Rxd7 Qc6 29. e6 Ng6 30. exf7+ Kh8 31. Rd1 Qc2 32. Bd4 Rxf7 33. Rf1 Qxb3 34. Qc8+ Rf8 35. Qxa6 Qd5 36. Qa7 Rg8 37. Qc5 Qe4 38. Qxb4 Nh4 39. f3 Nxf3+ 40. Kf2 Nxd4 41. Qxd4 Qc2+ 42. Kf3 Qxh2 43. Rf2 Qh5+ 44. Kg2 Qg4+ 45. Kh2 Rc8 46. Rg2 Qh4+ 47. Kg1 Rc1+ 0-1


[Site "https://www.chess.com"]

[Event "Titled Tuesday Blitz August 08 Late 2023"]
[White "Vlassov, Nikolai"]
[Black "Garmendiarov"]
[WhiteFideId "4103360"]
[WhiteElo "2594"]
[BlackElo "2319"]
[Result "1-0"]
[Round "1"]
[TimeControl "180+1"]
[Date "2023.08.08"]
[WhiteClock "0:00:39"]
[BlackClock "0:00:01"]
[Board "132"]

1. e4 c5 2. c3 Nf6 3. e5 Nd5 4. d4 cxd4 5. cxd4 d6 6. Bc4 Nb6 7. Bb3 dxe5 8. Qh5 e6 9. dxe5 Nc6 10. Nc3 Be7 11. Nf3 O-O 12. Bg5 Bxg5 13. Rd1 g6 14. Rxd8 gxh5 15. Rxf8+ Kxf8 16. Nxg5 Nxe5 17. Ke2 h6 18. Nge4 Ke7 19. Nc5 Nbd7 20. N5e4 f5 21. Ng3 h4 22. Nh5 Nf6 23. Nf4 Bd7 24. Re1 Re8 25. Kf1 Kd6 26. Rd1+ Kc7 27. Re1 Kd6 28. f3 b5 29. a3 a5 30. Rd1+ Kc7 31. Re1 Kd6 32. Nce2 Kc7 33. Nd4 Nc4 34. Bxc4 bxc4 35. Ndxe6+ Kd6 36. Rd1+ Ke7 37. Nd4 Bc6 38. Nxc6+ Kf7 39. Nxa5 Rb8 40. Nxc4 Rc8 41. Nd6+ 1-0


[Site "https://www.chess.com"]

[Event "Titled Tuesday Blitz August 08 Late 2023"]
[White "Skaric, Djuro"]
[Black "Manukyan, Sargis A."]
[WhiteFideId "934569"]
[BlackFideId "13303970"]
[WhiteElo "2318"]
[BlackElo "2592"]
[Result "1-0"]
[Round "1"]
[TimeControl "180+1"]
[Date "2023.08.08"]
[WhiteClock "0:01:04"]
[BlackClock "0:00:07"]
[Board "133"]

1. g3 d5 2. Bg2 e6 3. d3 Nf6 4. Nf3 Be7 5. O-O O-O 6. h3 c5 7. Nc3 Nc6 8. e4 d4 9. Ne2 e5 10. Ne1 Bd7 11. f4 Qc8 12. f5 b5 13. g4 c4 14. Ng3 cxd3 15. cxd3 h6 16. Rf2 Nh7 17. Bf1 f6 18. h4 Qd8 19. Rg2 Rc8 20. Nh1 Be8 21. Nf2 a5 22. Nh3 Nb4 23. a3 Na6 24. Bd2 a4 25. Nf3 Nc5 26. g5 fxg5 27. hxg5 hxg5 28. Nfxg5 Nxg5 29. Nxg5 Nb3 30. Ne6 Qd7 31. Rxg7+ Kh8 32. Qg4 Qxe6 33. fxe6 Nxd2 34. Rxe7 Rg8 35. Bh3 Nf3+ 36. Kf2 Rxg4 37. Bxg4 Ng5 38. Rh1+ Kg8 39. Bf5 Bc6 40. Rg1 Kf8 41. Ra7 Bxe4 42. e7+ Ke8 43. Bxc8 Bxd3 44. Rxg5 e4 45. Rg8+ Kf7 46. e8=Q+ 1-0


[Site "https://www.chess.com"]

[Event "Titled Tuesday Blitz August 08 Late 2023"]
[White "Principe, Gerson"]
[Black "Ivanova, Karina"]
[WhiteFideId "3804550"]
[BlackFideId "24139750"]
[WhiteElo "2584"]
[BlackElo "2317"]
[Result "1-0"]
[Round "1"]
[TimeControl "180+1"]
[Date "2023.08.08"]
[WhiteClock "0:00:13"]
[BlackClock "0:00:00"]
[Board "134"]

1. Nf3 Nf6 2. b3 g6 3. Bb2 d5 4. g3 Bg7 5. Bg2 O-O 6. O-O c5 7. e3 Nc6 8. d4 Ne4 9. Nbd2 Bf5 10. c4 Nxd2 11. Qxd2 dxc4 12. bxc4 Be4 13. d5 Bxb2 14. Qxb2 Na5 15. Nd2 Bxg2 16. Kxg2 f5 17. Rfd1 Qc8 18. Qc3 b6 19. Nf3 Rf6 20. Ng5 Qb7 21. Kg1 Rd8 22. Ne6 Rd6 23. Rac1 Qc8 24. h4 Nb7 25. h5 Nd8 26. Ng5 Nf7 27. f4 gxh5 28. Nf3 Rg6 29. Kf2 e6 30. Nh4 Rg7 31. dxe6 Rxe6 32. Nxf5 Rgg6 33. Rd5 Re8 34. Rcd1 Qe6 35. Nh4 Rg7 36. Rxh5 Nh6 37. Rxh6 Qxh6 38. Qd3 Qe6 39. Nf5 Rg6 40. Qd5 Qxd5 41. cxd5 Kf7 42. Kf3 Rd8 43. e4 h5 44. e5 b5 45. Nh4 Rh6 46. Nf5 Rg6 47. Ke4 c4 48. e6+ Kg8 49. Ke5 h4 50. Ne7+ Kg7 51. Nxg6 Kxg6 52. gxh4 1-0


[Site "https://www.chess.com"]

[Event "Titled Tuesday Blitz August 08 Late 2023"]
[White "Kukavica, Tony"]
[Black "Gasparyan, David"]
[WhiteFideId "2062542"]
[BlackFideId "13311980"]
[WhiteElo "2316"]
[BlackElo "2581"]
[Result "1-0"]
[Round "1"]
[TimeControl "180+1"]
[Date "2023.08.08"]
[WhiteClock "0:00:30"]
[BlackClock "0:00:04"]
[Board "135"]

1. Nf3 c5 2. c3 e6 3. e4 Nf6 4. e5 Nd5 5. d4 d6 6. Bc4 Nc6 7. O-O Be7 8. Qe2 O-O 9. Rd1 dxe5 10. dxe5 Na5 11. Bd3 Qc7 12. Bg5 b6 13. c4 Nb4 14. Bxe7 Qxe7 15. Be4 Bb7 16. b3 Rfd8 17. Nc3 a6 18. h4 Nbc6 19. Bxh7+ Kxh7 20. Ng5+ Kg8 21. Qh5 Qc7 22. Qh7+ Kf8 23. Qh8+ Ke7 24. Qxg7 Nxe5 25. f4 Qc6 26. Nce4 Rg8 27. Qf6+ Kf8 28. fxe5 Re8 29. Qxf7# 1-0


[Site "https://www.chess.com"]

[Event "Titled Tuesday Blitz August 08 Late 2023"]
[White "Sun, Rick"]
[Black "Weisz, Bryan"]
[WhiteFideId "30909481"]
[BlackFideId "30934133"]
[WhiteElo "2580"]
[BlackElo "2315"]
[Result "1-0"]
[Round "1"]
[TimeControl "180+1"]
[Date "2023.08.08"]
[WhiteClock "0:00:30"]
[BlackClock "0:00:10"]
[Board "136"]

1. e4 c5 2. Nf3 a6 3. Nc3 e6 4. d4 cxd4 5. Nxd4 Qb6 6. Nb3 Qc7 7. Be3 Bb4 8. Bd3 Bxc3+ 9. bxc3 Qxc3+ 10. Bd2 Qc7 11. O-O Nf6 12. Bb4 a5 13. Ba3 a4 14. Nd4 Ra5 15. Rb1 Nc6 16. Nb5 Rxb5 17. Rxb5 d6 18. Rg5 O-O 19. e5 Nxe5 20. Bxd6 Qxd6 21. Bxh7+ Nxh7 22. Qxd6 Nc4 23. Rxg7+ Kxg7 24. Qd4+ Nf6 25. Qxc4 Bd7 26. Qc5 Nd5 27. c4 Nf6 28. Qg5+ 1-0


[Site "https://www.chess.com"]

[Event "Titled Tuesday Blitz August 08 Late 2023"]
[White "Lalanne, Pablo"]
[Black "Attacker_2006"]
[WhiteFideId "112151"]
[WhiteElo "2315"]
[BlackElo "2576"]
[Result "0-1"]
[Round "1"]
[TimeControl "180+1"]
[Date "2023.08.08"]
[WhiteClock "0:00:09"]
[BlackClock "0:01:38"]
[Board "137"]

1. e4 c6 2. d4 d5 3. Nd2 dxe4 4. Nxe4 Nf6 5. Nxf6+ exf6 6. c3 Bd6 7. Bd3 O-O 8. Qc2 Re8+ 9. Ne2 h5 10. Bd2 h4 11. O-O-O Be6 12. Kb1 b5 13. h3 a5 14. g3 a4 15. gxh4 Bc7 16. Rhg1 Qd5 17. Nc1 Nd7 18. Be4 Qh5 19. Bxc6 Ra6 20. d5 Bf5 21. Nd3 Nc5 22. Be3 Nxd3 23. Rxd3 Rb8 24. Ka1 b4 25. cxb4 a3 26. Bd4 Rxb4 27. Qc3 axb2+ 28. Kb1 Qe2 0-1


[Site "https://www.chess.com"]

[Event "Titled Tuesday Blitz August 08 Late 2023"]
[White "Przybylski, Wojciech"]
[Black "Manon-og, Ramon Jr."]
[WhiteFideId "1117599"]
[BlackFideId "5200776"]
[WhiteElo "2575"]
[BlackElo "2314"]
[Result "0-1"]
[Round "1"]
[TimeControl "180+1"]
[Date "2023.08.08"]
[WhiteClock "0:00:58"]
[BlackClock "0:02:01"]
[Board "138"]

1. d4 Nf6 2. c4 g6 3. Nc3 d5 4. Nf3 Bg7 5. Bf4 O-O 6. e3 c6 7. Rc1 Nh5 8. Be5 f6 9. Bxb8 Rxb8 10. cxd5 cxd5 11. Qb3 Be6 12. Be2 b5 13. O-O b4 14. Na4 Kh8 15. Nd2 f5 16. Bxh5 gxh5 17. f4 Bf6 18. Nc5 Bf7 19. Nf3 Rg8 20. Ne5 Bxe5 21. dxe5 e6 22. Rf3 Qh4 23. Nd7 Rbc8 24. Rcf1 Be8 25. Nf6 Bb5 26. Re1 Qxe1+ 27. Rf1 Qxf1# 0-1


[Site "https://www.chess.com"]

[Event "Titled Tuesday Blitz August 08 Late 2023"]
[White "Sala, Giulia"]
[Black "Taboas Rodriguez, Daniel"]
[WhiteFideId "2840451"]
[BlackFideId "2208466"]
[WhiteElo "2314"]
[BlackElo "2574"]
[Result "1-0"]
[Round "1"]
[TimeControl "180+1"]
[Date "2023.08.08"]
[WhiteClock "0:01:17"]
[BlackClock "0:00:00"]
[Board "139"]

1. d4 Nf6 2. Bf4 d5 3. e3 c5 4. dxc5 Nc6 5. Bb5 e6 6. b4 Bd7 7. c3 a5 8. Qb3 Be7 9. Nf3 O-O 10. O-O Ne4 11. Nbd2 Bf6 12. Nxe4 dxe4 13. Nd4 e5 14. Bxc6 bxc6 15. Nxc6 Bxc6 16. Bg3 a4 17. Qc2 Qd3 18. Rfc1 Rfd8 19. c4 Bd7 20. b5 Be6 21. c6 Rdc8 22. Rab1 Kf8 23. Qb2 a3 24. Qb4+ Be7 25. c5 Bxa2 26. Ra1 Be6 27. b6 Rxc6 28. b7 Rb8 29. Bxe5 Qd8 30. Bxb8 Qxb8 31. Rxa3 1-0


[Site "https://www.chess.com"]

[Event "Titled Tuesday Blitz August 08 Late 2023"]
[White "Ismagilov, Damir"]
[Black "Lopez Idarraga, Daniel Eduardo"]
[WhiteFideId "34199982"]
[BlackFideId "4405501"]
[WhiteElo "2573"]
[BlackElo "2312"]
[Result "1-0"]
[Round "1"]
[TimeControl "180+1"]
[Date "2023.08.08"]
[WhiteClock "0:00:52"]
[BlackClock "0:01:57"]
[Board "140"]

1. d4 d5 2. Bf4 c5 3. e3 cxd4 4. exd4 Nc6 5. c3 Nf6 6. Nd2 Bg4 7. Qb3 Qd7 8. Ngf3 Bxf3 9. Nxf3 e6 10. Ne5 Qc8 11. Bb5 Nd7 12. O-O Be7 13. h3 O-O 14. Bh2 Ndxe5 15. dxe5 a6 16. Bd3 b5 17. f4 g6 18. Kh1 Na5 19. Qd1 Nc4 20. Qe2 a5 21. a4 b4 22. Bxc4 Qxc4 23. Qxc4 dxc4 24. Rfd1 Rfd8 25. Bg1 Kf8 26. Bb6 Rdb8 27. Bc7 Rb7 28. Bd6 Ke8 29. Kg1 Rd7 30. Bxe7 Kxe7 31. Rxd7+ Kxd7 32. Rd1+ Kc7 33. Rd4 Rd8 34. Rxc4+ Kb6 35. cxb4 axb4 36. Rxb4+ Ka5 37. Rb7 Rd1+ 38. Kh2 Rd4 39. Rxf7 Kxa4 40. Rxh7 Rxf4 41. Re7 Kb3 42. Rxe6 Re4 43. Rxg6 Rxe5 44. h4 Kxb2 45. Rg5 Re6 46. Rc5 Kb3 47. h5 Kb4 48. Rc8 Re4 49. Kh3 Kb5 50. g4 Kb6 51. Kh4 Kb7 52. Rc1 1-0


[Site "https://www.chess.com"]

[Event "Titled Tuesday Blitz August 08 Late 2023"]
[White "Gerbelli Neto, Eduardo"]
[Black "Sztokbant, Bernardo Vainzoff"]
[WhiteFideId "2103281"]
[BlackFideId "2115956"]
[WhiteElo "2311"]
[BlackElo "2572"]
[Result "1-0"]
[Round "1"]
[TimeControl "180+1"]
[Date "2023.08.08"]
[WhiteClock "0:00:16"]
[BlackClock "0:00:38"]
[Board "141"]

1. e4 c5 2. Nc3 Nc6 3. f4 g6 4. Nf3 Bg7 5. Bc4 e6 6. f5 Nge7 7. fxe6 dxe6 8. d3 a6 9. O-O b5 10. Bb3 Na5 11. Qe1 Bb7 12. Be3 Qc7 13. Qf2 Rc8 14. Ng5 O-O 15. Qh4 h5 16. Rxf7 Rxf7 17. Bxe6 Rf8 18. Rf1 Nf5 19. exf5 Kh8 20. Bxf7 Rxf7 21. Nxf7+ Qxf7 22. fxg6 Qxg6 23. Ne4 c4 24. Qd8+ Kh7 25. Ng5+ Kh6 26. Ne4+ Kh7 27. Qxa5 cxd3 28. cxd3 Bxe4 29. dxe4 Qxe4 30. Qb6 Bxb2 31. Rf7+ Kg8 32. Rc7 Qb1+ 33. Kf2 Qf5+ 34. Ke2 Qg4+ 35. Ke1 Qb4+ 36. Kf1 Qf8+ 37. Kg1 Qf5 38. Qb8+ Qf8 39. Rc8 1-0


[Site "https://www.chess.com"]